 Dungeon Crawl Stone Soup version 0.28-a0-100-g47d82705ae (webtiles) character file.

Game seed: 17421825422323371672

3 PentaManta the Skirmisher (level 1, 0/14 HPs)
             Began as a Gargoyle Monk on Aug 10, 2021.
             Slain by a bat (1 damage)
             ... on level 1 of the Dungeon.
             The game lasted 00:00:33 (74 turns).

PentaManta the Skirmisher (Gargoyle Monk)             Turns: 74, Time: 00:00:34

Health: 0/14       AC:  5    Str: 14    XL:     1   Next: 50%
Magic:  1/1        EV: 12    Int: 10    God:
Gold:   13         SH:  0    Dex: 12    Spells: 0/0 levels left

rFire   . . .      SeeInvis .     - Unarmed
rCold   . . .      Faith    .   (no shield)
rNeg    + . .      Spirit   .   c - +0 leather armour
rPois   ∞          Reflect  .   (no helmet)
rElec   +          Harm     .   (no cloak)
rCorr   .          Rampage  .   (no gloves)
Will    .....                   (no boots)
Stlth   ++........              (no amulet)
HPRegen 0.04/turn               (no ring)
MPRegen 0.07/turn               (no ring)

@: no status effects
A: sickness immunity, AC +2, negative energy resistance 1, electricity
resistance, torment resistance 1, petrification resistance
a: no special abilities


You were on level 1 of the Dungeon.
You visited 1 branch of the dungeon, and saw 1 of its levels.

You collected 13 gold pieces.

Inventory:

Armour
 a - a +0 robe
 c - a +0 leather armour (worn)
Potions
 b - 2 potions of ambrosia {unknown}


   Skills:
 + Level 3.3 Fighting
 - Level 2.4 Dodging
 - Level 2.1 Stealth
 * Level 3.1 Unarmed Combat


You couldn't memorise any spells.
You didn't know any spells.
Your spell library was empty.

Dungeon Overview and Level Annotations

Branches:
Dungeon (1/15)

Altars:


Innate Abilities, Weirdness & Mutations

You are immune to sickness and miasma.
Your stone body is resilient. (AC +2)
You are immune to poison.
You resist negative energy. (rN+)
You are resistant to electric shocks. (rElec)
You are resistant to unholy torment.
You are immune to petrification.


Message History

You are too injured to fight recklessly!
You are too injured to fight recklessly!
You are too injured to fight recklessly!
You are too injured to fight recklessly!
You are too injured to fight recklessly!
You are too injured to fight recklessly!
You are too injured to fight recklessly!
You are too injured to fight recklessly!
You are too injured to fight recklessly!
You miss the bat. The bat closely misses you. The endoplasm freezes you.
You are frozen.
You hit the endoplasm but do no damage. The bat hits you.
* * * LOW HITPOINT WARNING * * *
The endoplasm closely misses you.
You hit the endoplasm but do no damage. The bat closely misses you.
The endoplasm hits you.
* * * LOW HITPOINT WARNING * * *
The bat completely misses you.
The endoplasm jiggles.
The bat completely misses you. The bat hits you.
* * * LOW HITPOINT WARNING * * *
The bat closely misses you. The bat closely misses you.
You barely miss the bat. The bat barely misses you.
The bat hits you but does no damage. The bat closely misses you.
The bat misses you. The bat misses you.
You closely miss the bat. The bat barely misses you. The endoplasm freezes you.
You are frozen.
* * * LOW HITPOINT WARNING * * *
The bat misses you. The bat hits you but does no damage.
You barely miss the bat. The bat hits you but does no damage.
The endoplasm hits you but does no damage.
The bat hits you but does no damage.
Found 17 stones.
The bat hits you but does no damage. The bat hits you.
You die...

##..#.....#..#..#..
#..........#####....
#...#.....#..#..#...
#....#...#...#...#.
##....###...#.#.(.#
##..#..#.J#...#..#
#.#...###.....#
#....#..#.b...#
#...#...#@....#
##.†....#.#...#.#
#......#...#.#...#
##.................
.#####..####.......)#...
.........#...>....... #.
#######.#..##...## #.#
#.#..#....# .# #.#
......#


You could see an endoplasm and a bat.

Vanquished Creatures
  2 ball pythons (D:1)
  A bat (D:1)
3 creatures vanquished.

Notes
Turn   | Place    | Note
-------+----------+-------------------------------------------
     0 | D:1      | PentaManta the Gargoyle Monk began the quest for the Orb.
     0 | D:1      | Reached XP level 1. HP: 14/14 MP: 1/1
    74 | D:1      | Slain by a bat

Illustrated notes

Levels and vault maps discovered:
D:1:      dpeg_arrival_rhombus, layout_rooms, minmay_splitting_lines

Action                   || total
-------------------------++-------
Melee: Unarmed           ||    17
 Stab: Sleeping          ||     1
Armor: Leather armour    ||    11
       Robe              ||     4
Dodge: Dodged            ||    26

Table legend: (Time is in decaauts)
 A = Elapsed time spent in this place.
 B = Non-inter-level travel time spent in this place.
 C = Inter-level travel time spent in this place.
 D = Time resting spent in this place.
 E = Time spent auto-exploring this place.
 F = Levels seen in this place.
 G = Mean time per level.
                   A        B        C        D        E       F      G
               +--------+--------+--------+--------+--------+-----+--------+
         Total |     72 |     72 |      0 |      0 |     16 |   1 |   72.0 |
       Dungeon |     72 |     72 |      0 |      0 |     16 |   1 |   72.0 |
               +--------+--------+--------+--------+--------+-----+--------+

Top non-repeatable levels by time:
     D:1: 72 daAuts
